 Dungeon Crawl Stone Soup version 0.31-a0-532-g28f74ba3e5 (webtiles) character file.

Game seed: 1281901075665506871

268 RepHenryClay the Ducker (level 6, -1/44 HPs)
             Began as a Demonspawn Gladiator on Aug 12, 2023.
             Slain by a killer bee (3 damage)
             ... on level 6 of the Dungeon.
             The game lasted 00:04:21 (2751 turns).

RepHenryClay the Ducker (Demonspawn Gladiator)      Turns: 2751, Time: 00:04:21

Health: -1/44      AC:  9    Str: 14    XL:     6   Next: 0%
Magic:  6/6        EV: 15    Int: 11    God:
Gold:   218        SH:  5    Dex: 26    Spells: 5/5 levels left

rFire   . . .        a - +0 war axe
rCold   . . .        (no shield)
rNeg    . . .        n - +0 ring mail
rPois   .            y - +1 helmet {Int+3}
rElec   .            (no cloak)
rCorr   .            (no gloves)
SInv    .            (no boots)
Will    +....        r - amulet of reflection
Stlth   ++           l - +6 ring of dexterity
HPRegen 0.27/turn    w - ring of willpower
MPRegen 0.10/turn

%: reflection
@: lethally poisoned (-1 -> -7)
A: hooves 1, thin metallic scales 1, demonic guardian 1, claws 1, agile 1,
sturdy frame 1
a: no special abilities


You were on level 6 of the Dungeon.
You visited 1 branch of the dungeon, and saw 6 of its levels.

You collected 218 gold pieces.

Inventory:

Hand Weapons
 a - a +0 war axe (weapon)
Missiles
 d - 3 throwing nets (quivered)
 e - a javelin
 t - 5 poisoned darts
 B - 3 curare-tipped darts
Armour
 b - a +0 leather armour
 c - a +0 helmet
 n - a +0 ring mail (worn)
 q - a +0 cloak
 y - a +1 helmet of intelligence (worn)
Jewellery
 l - a +6 ring of dexterity (left claw)
 r - an amulet of reflection (around neck)
 w - a ring of willpower (right claw)
Wands
 u - a wand of charming (10)
Scrolls
 x - 4 scrolls of fear
Potions
 i - 2 potions of ambrosia
 j - a potion of mutation
 o - 3 potions of curing {unknown}
 p - 2 potions of cancellation {unknown}
 s - a potion of enlightenment {unknown}
 z - 2 potions of brilliance {unknown}
 A - 2 potions of resistance {unknown}
 C - a potion of attraction {unknown}


   Skills:
 - Level 2.0 Fighting
 + Level 4.7 Axes
 - Level 1.7 Throwing
 + Level 4.7 Dodging


You had 5 spell levels left.
You didn't know any spells.
Your spell library contained the following spells:

 Spells                   Type           Power      Damage    Failure   Level
 Poisonous Vapours        Pois/Air       0%         N/A       61%         2
 Mephitic Cloud           Conj/Pois/Air  0%         N/A       83%         3
 Summon Guardian Golem    Hex/Summ       0%         N/A       83%         3
 Freezing Cloud           Conj/Ice/Air   0%         6-21      100%        5
 Summon Forest            Summ/Tloc      0%         N/A       100%        5
 Eringya's Noxious Bog    Tmut/Pois      0%         4d6       100%        6
 Orb of Destruction       Conj           0%         9d5       100%        7
 Spellforged Servitor     Conj/Summ      0%         N/A       100%        7
 Summon Hydra             Summ           0%         N/A       100%        7


Dungeon Overview and Level Annotations

Branches:
Dungeon (6/15)
 Temple: D:4-7

Altars:
Uskayaw

Shops:
D:4 [


Innate Abilities, Weirdness & Mutations

You have large cloven feet.
You are partially covered in thin metallic scales. (AC +2)
A weak demonic guardian rushes to your aid.
You have sharp fingernails.
You are agile. (Dex +4, Str/Int -1)
Your movements are slightly less encumbered by armour. (ER -2)


Message History

You feel sick. The killer bee closely misses you. The killer bee stings you.
* * * LOW HITPOINT WARNING * * *
Huge Dmg: -9%(-4hp) hp: 30%(13hp)
You miss the killer bee.
The killer bee is severely wounded.
You feel sick. You block the killer bee's attack.
The killer bee barely misses you. You block the killer bee's attack.
Damage: -5%(-2hp) hp: 25%(11hp) Unknown command.
You completely miss the killer bee. Your kick misses the killer bee.
The killer bee is severely wounded.
You feel sick. The killer bee stings you.
* * * LOW HITPOINT WARNING * * *
A demonic guardian appears!
You block the killer bee's attack.
Huge Dmg: -6%(-3hp) hp: 19%(8hp)
You miss the killer bee. Your kick misses the killer bee.
The killer bee is severely wounded.
You feel sick. The killer bee misses you.
The killer bee stings you but does no damage.
Your shadow imp hits the killer bee.
Unknown command.
You completely miss the killer bee. Your kick misses the killer bee.
The killer bee is severely wounded.
You feel sick.
You are no longer poisoned.
The killer bee closely misses you.
The killer bee stings you but does no damage.
Your shadow imp hits the killer bee.
The killer bee stings you.
* * * LOW HITPOINT WARNING * * *
You are lethally poisoned!
The killer bee poisons you!
Huge Dmg: -9%(-4hp) hp: 10%(4hp) It was a potion of mutation.
You feel extremely strange.
Your fingernails lengthen.
You feel agile.
You feel less encumbered by your armour.
* * * LOW HITPOINT WARNING * * *
You feel sick. The killer bee completely misses you.
Your shadow imp completely misses the killer bee.
The killer bee stings you.
You die...

...#... #
#..#.. .#
#..#.. .#
####.......
#...>...#.
.......
##...#
#...@#
.....5y.#
###......
#......#
#......#
........#
..#.......
..#.....<.


You could see a killer bee (ally target) and a friendly shadow imp (summoned).

Vanquished Creatures
  A sky beast (D:4)
  A jelly (D:5)
  2 iguanas
  A gnoll (D:5)
  2 adders (D:2)
  2 dart slugs
  3 orcs
  6 ball pythons
  3 bats
  4 endoplasms
  5 giant cockroaches
  6 goblins
  3 hobgoblins
  4 jackals (D:5)
  6 quokkas
  3 frilled lizards
  3 kobolds
  5 rats
60 creatures vanquished.

Notes
Turn   | Place    | Note
-------+----------+-------------------------------------------
     0 | D:1      | RepHenryClay the Demonspawn Gladiator began the quest for
                  | the Orb.
     0 | D:1      | Reached XP level 1. HP: 16/16 MP: 1/1
    77 | D:1      | You fall into a shaft and drop 1 floor!
   133 | D:2      | Gained mutation: You have large cloven feet. [demonic
                  | ancestry]
   133 | D:2      | Reached XP level 2. HP: 22/22 MP: 2/2
   708 | D:2      | Gained mutation: You are partially covered in thin metallic
                  | scales. (AC +2) [demonic ancestry]
   708 | D:2      | Reached XP level 3. HP: 27/27 MP: 3/3
  1214 | D:3      | Found a faded altar of an unknown god.
  1936 | D:4      | Found Iralic's Armour Emporium.
  2015 | D:4      | Gained mutation: A weak demonic guardian rushes to your
                  | aid. [demonic ancestry]
  2015 | D:4      | Reached XP level 4. HP: 33/33 MP: 4/4
  2072 | D:4      | Found a hide-covered altar of Uskayaw.
  2382 | D:4      | Noticed a sky beast
  2401 | D:4      | Killed a sky beast
  2402 | D:4      | Reached XP level 5. HP: 16/38 MP: 5/5
  2523 | D:5      | Entered Level 5 of the Dungeon
  2717 | D:5      | Reached XP level 6. HP: 39/44 MP: 6/6
  2751 | D:6      | Gained mutation: You have sharp fingernails. [potion of
                  | mutation]
  2751 | D:6      | Gained mutation: You are agile. (Dex +4, Str/Int -1)
                  | [potion of mutation]
  2751 | D:6      | Gained mutation: Your movements are slightly less
                  | encumbered by armour. (ER -2) [potion of mutation]
  2751 | D:6      | HP: 2/44 [poisoned by a killer bee]
  2751 | D:6      | Slain by a killer bee

Illustrated notes

Levels and vault maps discovered:
D:1:      shiori_shiawase, layout_basic
D:2:      layout_basic
D:3:      layout_loops_corners, shapermc_ecumenical_altar_hornbeckon
D:4:      layout_loops_cross, nicolae_uskayaw_dance_hall, serial_shops, shop,
          minmay_fountain_box, minmay_fractal_squares_gapless_5
D:5:      lemuel_castle_with_subvaults [lemuel_castle_interior_carwin_1],
          layout_loops_cross, kennysheep_generic_room_9
D:6:      layout_cave_pools, minmay_temple_entry_antechambers,
          minmay_chambers_of_fives, uniq_jeremiah

Skill      XL: |  1  2  3  4 |
---------------+-------------+-----
Axes           | 3 4 |  4.7
Dodging        | 3 4 |  4.7
Fighting       | |  2.0
Throwing       | |  1.7

Action                     |  1- 3 |  4- 6 || total
---------------------------+-------+-------++-------
  Melee: War axe           |    95 |    85 ||   180
         Punch             |     2 |       ||     2
         Kick              |    14 |    10 ||    24
    Use: Scroll            |       |     8 ||     8
         Potion            |       |     1 ||     1
   Stab: Sleeping          |     2 |       ||     2
 Armour: Leather armour    |    16 |       ||    16
         Ring mail         |    19 |    28 ||    47
  Dodge: Dodged            |    64 |    69 ||   133
  Block: Other             |    11 |    25 ||    36

Table legend: (Time is in decaauts)
 A = Elapsed time spent in this place.
 B = Non-inter-level travel time spent in this place.
 C = Inter-level travel time spent in this place.
 D = Time resting spent in this place.
 E = Time spent auto-exploring this place.
 F = Levels seen in this place.
 G = Mean time per level.
                   A        B        C        D        E       F      G
               +--------+--------+--------+--------+--------+-----+--------+
         Total |   2811 |   2651 |    160 |     88 |   2013 |   6 |  468.5 |
       Dungeon |   2811 |   2651 |    160 |     88 |   2013 |   6 |  468.5 |
               +--------+--------+--------+--------+--------+-----+--------+

Top non-repeatable levels by time:
     D:3: 864 daAuts
     D:4: 773 daAuts
     D:1: 525 daAuts
     D:2: 465 daAuts
     D:5: 158 daAuts
     D:6: 23 daAuts
